Cogmind - Beta 13 @@@ ROGUE MODE // 2024.04.25 @ 13:41:59 Player: ThemBee Result: Destroyed by Y-54 Guardian with Flak Gun Performance ------------- Evolutions (3) 1500 Regions Visited (7) 1400 Robots Destroyed (72) 360 Value Destroyed (3840) 3840 Prototype IDs (15) 300 Alien Tech Used (0) 0 Bonus (2075) 2075 TOTAL SCORE: 9475 Bonus ------- High Alert Combat Kills 206 Follower Combat Kills 135 Entered Garrisons 400 Used RIF Installer 1500 Friendly Fire -166 Cogmind --------- Core Integrity 0/700 Matter 275/300 Energy 100/100 System Corruption 11% Temperature Cool (18) Movement Core (50) Location -7/Factory Parts ------- > --- POWER (1) -------- (None) > --- PROPULSION (4) --- (None) > --- UTILITY (6) ------ Relay Coupler [NC] (12) Relay Coupler [NC] (31) Relay Coupler [Grunt] (16) Relay Coupler [Hunter] (17) > --- WEAPON (2) ------- Ripper (fused) > --- INVENTORY (5) ---- Layered Light Armor Plating Relay Coupler [Swarmer] (31) Relay Coupler [Hunter] (15) Missile Launcher Remote Datajack Peak State ------------ > --- POWER ------------ Light Nuclear Core > --- PROPULSION ------- Improved Airjet Cooled Airjet Improved Gravmag System Improved Gravmag System > --- UTILITY ---------- Large Storage Unit Relay Coupler [NC] Relay Coupler [Cutter] Relay Coupler [Grunt] Relay Coupler [Sentry] Relay Coupler [Hunter] > --- WEAPON ----------- Remote Datajack Great Maul > --- INVENTORY -------- Improved Deuterium Engine Heavy Deuterium Engine Micro Nuclear Core Gravmag System Advanced ECM Suite Layered Light Armor Plating Layered Light Armor Plating Layered Light Armor Plating Relay Coupler [NC] Relay Coupler [NC] Missile Launcher Remote Datajack Remote Datajack Remote Datajack [Rating: 52] Favorites ----------- Power Light Nuclear Core Engine Subdweller Power Source Power Core Light Nuclear Core Propulsion Light Treads Treads Light Treads Wheel Wheel Hover Unit Gravmag System Flight Unit VTOL Module Utility High-capacity Storage Unit Device Improved Heat Sink Storage High-capacity Storage Unit Processor Target Analyzer Hackware Relay Coupler [Grunt] Protection Light Armor Plating Weapon Autogun Energy Gun Arc Projector Energy Cannon Subdweller Beam Cannon Ballistic Gun Autogun Ballistic Cannon Assault Cannon Launcher Missile Launcher Special Weapon Remote Datajack Impact Weapon Great Maul Slashing Weapon Ripper Build | -11 -10 -10 -8 -8 -7 -7 -7 ------- Run | Yrd Mat Sub Mat Gar Fac Gar Fac Slots Evolved 6 | . . . 4 . 2 . . Power . | . . . . . . . . Propulsion 2 | . . . 2 . . . . Utility 4 | . . . 2 . 2 . . Weapon . | . . . . . . . . Parts Attached 125 | 6 12 13 11 26 37 9 11 Power 15 | 1 1 2 . 2 6 1 2 Engine 6 | 1 1 2 . 1 1 . . Core 9 | . . . . 1 5 1 2 Reactor . | . . . . . . . . Propulsion 38 | 2 2 6 6 8 7 2 5 Treads 14 | . 2 . 6 6 . . . Leg . | . . . . . . . . Wheel 8 | 2 . 6 . . . . . Hover 14 | . . . . 2 5 2 5 Flight 2 | . . . . . 2 . . Utility 42 | 1 5 2 3 8 16 4 3 Device 7 | . 1 . 2 3 1 . . Storage 7 | 1 3 1 . . 2 . . Processor 1 | . . . . 1 . . . Hackware 11 | . . . . . 6 3 2 Protection 16 | . 1 1 1 4 7 1 1 Artifact . | . . . . . . . . Weapon 30 | 2 4 3 2 8 8 2 1 Energy Gun 5 | 2 1 . . 1 1 . . Energy Cannon 3 | . . 1 1 1 . . . Ballistic Gun 9 | . 2 2 . 4 1 . . Ballistic Cannon 2 | . 1 . 1 . . . . Launcher 3 | . . . . 2 1 . . Special Weapon 5 | . . . . . 3 1 1 Impact Weapon 1 | . . . . . 1 . . Slashing Weapon 2 | . . . . . 1 1 . Piercing Weapon . | . . . . . . . . Special Melee Weapon . | . . . . . . . . Unidentified Prototypes 1 | . . . . . 1 . . Parts Lost 40 | . 3 1 . 13 13 3 7 Power 4 | . 1 . . 1 1 . 1 Propulsion 15 | . 1 . . 6 3 2 3 Utility 15 | . . 1 . 5 7 . 2 Weapon 6 | . 1 . . 1 2 1 1 Highest Loss Streak 8 | . 2 1 . 4 8 1 6 To Critical Strikes . | . . . . . . . . Average Slot Usage (%) 93 | . 98 100 99 81 93 99 82 Engine 6 | . 14 14 9 3 . . . Core 2 | . . . . 2 6 7 6 Treads 15 | . 16 14 35 22 6 . . Wheel 4 | . 11 13 . . . . . Hover 7 | . . . . 1 16 29 17 Device 6 | . 8 . 15 11 2 . . Storage 9 | . 14 14 9 9 4 7 6 Hackware 8 | . . . . . 24 30 28 Protection 9 | . 4 14 11 10 9 6 6 Energy Gun 2 | . 8 . . 1 3 . . Energy Cannon 2 | . . 6 10 2 . . . Ballistic Gun 9 | . 15 21 . 11 3 . . Ballistic Cannon 1 | . 2 . 7 1 . . . Special Weapon 1 | . . . . . 3 7 6 Naked Turns . | . . . . . . . . Heaviest Build 75 | 14 51 60 68 65 75 37 36 Greatest Support 80 | 20 40 40 80 80 40 37 36 Greatest Overweight (x) 3 | . 2 2 1 2 1 1 3 Average Overweight (x) . | . . . . . . . . Largest Inventory Capacity 20 | 8 20 20 20 20 20 15 15 Average Capacity 16 | 7 15 17 20 20 14 15 14 Most Carried 20 | 8 16 20 20 20 19 15 15 Average Carried 15 | 4 14 17 18 17 12 14 14 Final Capacity 20 | 8 15 20 20 20 15 15 5 Final Carried 20 | 6 15 20 20 20 15 15 5 Class Distribution -------------------- 53% | Mutant 23% | Bothacker-Mutant 22% | Scavenger-Mutant Dominant Class ---------------- Mutant | -10/Materials Mutant | -10/Subcaves Mutant | -8/Materials Scavenger-Mutant | -8/Garrison Bothacker-Mutant | -7/Factory Bothacker-Mutant | -7/Garrison Bothacker-Mutant | -7/Factory Resources | -11 -10 -10 -8 -8 -7 -7 -7 ----------- Run | Yrd Mat Sub Mat Gar Fac Gar Fac Matter Collected 2598 | 230 301 219 200 678 399 444 127 Remotely . | . . . . . . . . Salvage Created 2939 | . 483 303 404 940 586 223 . Parts 161 | . 19 24 22 52 32 12 . Haulers Intercepted 2 | . 2 . . . . . . Recyclers Shooed . | . . . . . . . . Parts Field Recycled . | . . . . . . . . Retrieved Matter . | . . . . . . . . Parts Self-Destructed 17 | . . 17 . . . . . Prevented . | . . . . . . . . Kills | -11 -10 -10 -8 -8 -7 -7 -7 ------- Run | Yrd Mat Sub Mat Gar Fac Gar Fac Combat Hostiles Destroyed 63 | . 9 7 8 24 10 5 . Melee 5 | . . . . . 2 3 . Guns 29 | . 8 4 . 11 6 . . Cannons 13 | . 1 3 6 3 . . . AOE 9 | . . . . 9 . . . Classes Destroyed 14 | . 2 1 4 4 3 . . Worker 2 | . . . . . 2 . . Builder 1 | . . . 1 . . . . Tunneler 1 | . . . . . 1 . . Hauler 2 | . 2 . . . . . . Recycler 1 | . . . . . 1 . . Operator 1 | . . . 1 . . . . Swarmer 6 | . . . . 1 5 . . Grunt 26 | . 9 . 2 9 2 4 . Brawler 3 | . . . . 2 1 . . Duelist 3 | . . . . 2 1 . . Sentry 10 | . . . 5 4 . 1 . Hunter 3 | . . . 1 2 . . . Programmer 6 | . . . . 4 1 1 . Subdweller 7 | . . 7 . . . . . Best Kill Streak 10 | . 3 2 2 10 5 1 . Combat Bots Only 10 | . 3 2 2 10 3 1 . Max Kills in Single Turn 4 | . 1 1 2 4 1 1 . Gunslinging . | . . . . . . . . Exploded 4 | . . . . 4 . . . Melee 1 | . . . . . 1 1 . Uniques/NPCs Destroyed . | . . . . . . . . Combat | -11 -10 -10 -8 -8 -7 -7 -7 -------- Run | Yrd Mat Sub Mat Gar Fac Gar Fac Hostile Shots Fired 586 | . 60 25 39 184 118 81 79 Missed 165 | . 19 6 12 37 30 31 30 Damage Taken 6842 | . 620 435 364 2583 1709 663 468 Core 1108 | . 103 97 . 207 426 95 180 Absorbed by Shields . | . . . . . . . . Redirected to Shielding 26 | . . . . . 26 . . Ignored by Resistances 54 | . . . . . 54 . . Core Remaining (%) 60 | 100 . 20 . 62 . . . Volleys Fired 241 | . 43 27 19 80 43 24 5 Largest 2 | . 2 2 2 2 2 1 1 Hottest 124 | . 100 110 124 124 83 5 5 Shots Fired 390 | . 77 45 38 124 77 24 5 Gun 263 | . 74 27 . 91 71 . . Cannon 88 | . 3 18 38 29 . . . Launcher 4 | . . . . 4 . . . Special 35 | . . . . . 6 24 5 Kinetic 226 | . 39 27 19 103 38 . . Thermal 92 | . 38 18 19 17 . . . Explosive 4 | . . . . 4 . . . Electromagnetic 33 | . . . . . 33 . . Robot Hit Streak 19 | . 16 19 9 10 10 16 2 Robot Miss Streak 5 | . 2 1 3 5 2 3 1 Penetration Max 1 | . . . . . 1 . . Secondary Targets 3 | . 1 1 . . 1 . . Max Gunslinging Chain 1 | . 1 1 . . 1 . . Shots Hit Robots 277 | . 56 30 24 74 60 29 4 Core Hits 108 | . 20 12 9 40 24 3 . Critical Kills 5 | . 1 . 2 1 . 1 . Critical Parts Destroyed 6 | . . . . 3 2 1 . Critical Strikes 12 | . 2 . 2 4 2 2 . Meltdown 3 | . . . 2 1 . . . Destroy 4 | . 1 . . 3 . . . Blast 1 | . 1 . . . . . . Smash 4 | . . . . . 2 2 . Melee Attacks 44 | . . . . . 10 28 6 Impact 30 | . . . . . 8 22 . Slashing 14 | . . . . . 2 6 6 Piercing . | . . . . . . . . Sneak Attacks 2 | . . . . . 1 1 . Combat Hostiles . | . . . . . . . . Follow-up Attacks . | . . . . . . . . Damage Inflicted 6112 | . 794 599 654 2498 1114 423 30 Guns 3176 | . 735 360 . 1232 849 . . Cannons 1467 | . 59 239 654 515 . . . Explosions 751 | . . . . 751 . . . Melee 718 | . . . . . 265 423 30 Ramming . | . . . . . . . . Kinetic 3059 | . 426 360 235 1379 659 . . Thermal 1394 | . 368 239 419 368 . . . Explosive 751 | . . . . 751 . . . Electromagnetic 190 | . . . . . 190 . . Impact 614 | . . . . . 235 379 . Slashing 104 | . . . . . 30 44 30 Piercing . | . . . . . . . . Highest Corruption 11 | . . . . 11 9 10 11 Average Corruption 9 | . . . . 8 8 9 10 Corruption Purged . | . . . . . . . . Corruption Blocked . | . . . . . . . . Effects 88 | . . . . 31 25 18 14 Message Errors 23 | . . . . 6 11 6 . Matter Fused 27 | . . . . 10 8 5 4 Heat Flow Errors 14 | . . . . 6 3 3 2 Energy Discharges 8 | . . . . 3 2 1 2 Parts Fused 3 | . . . . . . 1 2 Data Loss (minor) 5 | . . . . 1 . 1 3 Data Loss (major) 2 | . . . . . 1 . 1 Misfires 1 | . . . . 1 . . . Alerts 1 | . . . . . . 1 . Weapon Failures 4 | . . . . 4 . . . Overload Shots . | . . . . . . . . Overflow Damage 243 | . . . 1 19 108 115 . Projectiles 1 | . . . 1 . . . . Explosions 19 | . . . . 19 . . . Melee 223 | . . . . . 108 115 . Knockbacks 10 | . . . 2 5 1 2 . Impact 2 | . . . . . 1 1 . Kinetic 6 | . . . 2 4 . . . Secondary 2 | . . . . 1 . 1 . Self-Inflicted Damage 132 | . . . . 132 . . . Shots 3 | . . . . 3 . . . Rammed . | . . . . . . . . Targets Rammed . | . . . . . . . . Kicked . | . . . . . . . . Crushed . | . . . . . . . . Highest Temperature 583 | . 267 28 198 492 583 199 164 Average Temperature 117 | . 68 8 85 188 178 95 75 Received Heat Transfer 1491 | . 282 57 63 612 216 183 78 Effects 18 | . 2 . . 4 12 . . Shutdowns 2 | . . . . . 2 . . Energy Bleed 3 | . 1 . . 1 1 . . Interference 4 | . 1 . . 2 1 . . Matter Decay 2 | . . . . 1 1 . . Damage (minor) 1 | . . . . . 1 . . Damage (major) 4 | . . . . . 4 . . Damage (core) 2 | . . . . . 2 . . Siege Activations . | . . . . . . . . Robots Corrupted . | . . . . . . . . Combat Hostiles . | . . . . . . . . Parts Fried 5 | . . . . . 4 1 . Impact Corruptions 9 | . . . . . 4 5 . Robots Melted 3 | . . . 2 1 . . . Combat Hostiles 3 | . . . 2 1 . . . Parts Melted 8 | . . . 6 1 1 . . Heat Transferred 2433 | . 1110 333 518 472 . . . Parts Sabotaged . | . . . . . . . . Parts Stolen . | . . . . . . . . Parts Stripped . | . . . . . . . . Power Chain Reactions . | . . . . . . . . Alert | -11 -10 -10 -8 -8 -7 -7 -7 ------- Run | Yrd Mat Sub Mat Gar Fac Gar Fac Peak Influence 855 | . 165 . 235 855 484 583 332 Initial 448 | . . . . 152 448 131 305 Average 273 | . 60 . 84 526 300 351 314 Maximum Alert Level 3 | . . . 1 3 2 2 1 Low Security (%) 47 | 100 100 . 92 10 33 16 . Level 1 22 | . . . 7 10 33 46 100 Level 2 26 | . . . . 66 33 36 . Level 3 2 | . . . . 12 . . . Level 4 . | . . . . . . . . Level 5 . | . . . . . . . . High Security . | . . . . . . . . Max Security . | . . . . . . . . Squads Dispatched 8 | . 4 . 1 . 1 . 2 Investigation 3 | . 2 . . . . . 1 Extermination 2 | . . . . . 1 . 1 Reinforcement 2 | . 2 . . . . . . Assault . | . . . . . . . . Garrison 1 | . . . 1 . . . . Intercept . | . . . . . . . . Searches Triggered . | . . . . . . . . Construction Impeded . | . . . . . . . . Haulers Reinforced . | . . . . . . . . Active Scanning Responses . | . . . . . . . . Cargo Convoy Interrupts . | . . . . . . . . Stealth | -11 -10 -10 -8 -8 -7 -7 -7 --------- Run | Yrd Mat Sub Mat Gar Fac Gar Fac Distress Signals 2 | . 1 . . . 1 . . Communications Jammed . | . . . . . . . . Distress Signals . | . . . . . . . . Times Spotted 94 | . 16 7 9 26 14 20 2 Peak Tracking Total 10 | . 5 2 2 10 4 9 2 Tactical Retreats 7 | . 1 . . 2 1 3 . Traps | -11 -10 -10 -8 -8 -7 -7 -7 ------- Run | Yrd Mat Sub Mat Gar Fac Gar Fac Traps Triggered 19 | . 3 . . 2 3 7 4 Indirectly . | . . . . . . . . Trap Hack Attempts . | . . . . . . . . Triggered . | . . . . . . . . Disarmed . | . . . . . . . . Reprogrammed . | . . . . . . . . Reused . | . . . . . . . . Traps Extracted . | . . . . . . . . Installed . | . . . . . . . . Triggered 3 | . . 3 . . . . . Machines | -11 -10 -10 -8 -8 -7 -7 -7 ---------- Run | Yrd Mat Sub Mat Gar Fac Gar Fac Machines Disabled 11 | . . . 2 2 . 7 . Max in Single Turn 1 | . . . 1 1 . 1 . Garrison Relay 5 | . . . . 2 . 3 . Machines Repaired . | . . . . . . . . Machines Dismantled . | . . . . . . . . Machines Sabotaged . | . . . . . . . . Overloaded Fab Kills . | . . . . . . . . Hacking | -11 -10 -10 -8 -8 -7 -7 -7 --------- Run | Yrd Mat Sub Mat Gar Fac Gar Fac Machines Accessed 27 | . 7 1 6 1 10 . 2 Terminals 17 | . 5 . 5 1 5 . 1 Fabricators 2 | . . . . . 2 . . Repair Stations 3 | . 1 . . . 1 . 1 Recycling Units 2 | . 1 . . . 1 . . Scanalyzers . | . . . . . . . . Garrison Access 2 | . . . 1 . 1 . . Total Hacks 76 | . 20 3 21 2 25 . 5 Successful 44 | . 11 3 14 . 15 . 1 Failed 32 | . 9 . 7 2 10 . 4 Catastrophic 4 | . . . . 2 . . 2 Database Lockouts . | . . . . . . . . Manual 44 | . 17 . 11 . 13 . 3 Terminals 57 | . 18 . 19 2 15 . 3 Fabricators 5 | . . . . . 5 . . Repair Stations 5 | . 1 . . . 2 . 2 Recycling Units 3 | . 1 . . . 2 . . Scanalyzers . | . . . . . . . . Garrison Access 3 | . . . 2 . 1 . . Terminal Hacks 24 | . 6 3 10 . 5 . . Record 3 | . . 3 . . . . . Robot Analysis 5 | . 2 . 3 . . . . Prototype ID Bank 7 | . 4 . 2 . 1 . . Unreport Threat 1 | . . . . . 1 . . Locate Traps 1 | . . . 1 . . . . Maintenance Status 1 | . . . 1 . . . . Garrison Status 1 | . . . . . 1 . . Hauler Manifests 2 | . . . 1 . 1 . . Registered Components 1 | . . . 1 . . . . Zone Layout 2 | . . . 1 . 1 . . Fabricator Hacks 2 | . . . . . 2 . . Network Status 1 | . . . . . 1 . . Build 1 | . . . . . 1 . . Repair Station Hacks 1 | . . . . . . . 1 Scan Component 1 | . . . . . . . 1 Recycling Unit Hacks 2 | . . . . . 2 . . Report Inventory 1 | . . . . . 1 . . Retrieve Components 1 | . . . . . 1 . . Scanalyzer . | . . . . . . . . Garrison Access Hacks 2 | . . . 1 . 1 . . Unlock Access 2 | . . . 1 . 1 . . Unauthorized Hacks 13 | . 5 . 3 . 5 . . Terminals 9 | . 3 . 3 . 3 . . Botnet 9 | . 3 . 3 . 3 . . Fabricators 1 | . . . . . 1 . . Haulers 1 | . . . . . 1 . . Repair Stations 2 | . 1 . . . 1 . . Mechanics 2 | . 1 . . . 1 . . Recycling Units 1 | . 1 . . . . . . Tunnel 1 | . 1 . . . . . . Scanalyzers . | . . . . . . . . Garrison Access . | . . . . . . . . Data Cores Recovered 1 | . . . 1 . . . . Used . | . . . . . . . . Hacking Detections 22 | . 5 . 5 1 9 . 2 Full Trace Events 2 | . . . . 1 . . 1 Feedback Events . | . . . . . . . . Feedback Blocked . | . . . . . . . . Robot Schematics Acquired . | . . . . . . . . Robots Built . | . . . . . . . . Authchips . | . . . . . . . . Time . | . . . . . . . . Total Robot Build Rating . | . . . . . . . . Part Schematics Acquired . | . . . . . . . . Parts Built 2 | . . . . . 2 . . Authchips . | . . . . . . . . Time 47 | . . . . . 47 . . Total Part Build Rating 10 | . . . . . 10 . . Parts Repaired . | . . . . . . . . Time . | . . . . . . . . Parts Recycled . | . . . . . . . . Recycled Matter . | . . . . . . . . Retrieved Matter . | . . . . . . . . Retrieved Components 10 | . . . . . 10 . . Parts Scanalyzed . | . . . . . . . . Part Schematics Acquired . | . . . . . . . . Parts Damaged . | . . . . . . . . Bothacking | -11 -10 -10 -8 -8 -7 -7 -7 ------------ Run | Yrd Mat Sub Mat Gar Fac Gar Fac Used RIF Installer 3 | . . . . 2 . 1 . Robot Detection 1 | . . . . 1 . . . Patrol Navigation 1 | . . . . . . 1 . Robots Hacked 12 | . . . . . 4 6 2 Non-combat 5 | . . . . . 4 . 1 Combat 7 | . . . . . . 6 1 Robot Hacks Applied 13 | . . . . . 5 6 2 parse_system 3 | . . . . . 1 1 1 find_chute 1 | . . . . . 1 . . map_walls 1 | . . . . . 1 . . drop_inventory 3 | . . . . . 2 . 1 overload_power 1 | . . . . . . 1 . amplify_resonance 1 | . . . . . . 1 . overwrite_iff 2 | . . . . . . 2 . streamctrl_high 1 | . . . . . . 1 . Relay Couplers Released 24 | . . . . 13 . 11 . Machine Destruction 20 | . . . . 9 . 11 . Programmers 4 | . . . . 4 . . . Attached 11 | . . . . . 6 3 2 Fabnet Peak Effective % . | . . . . . . . . Robots Rewired 3 | . . . . . . 3 . Allies Hacked . | . . . . . . . . Hacks Repelled . | . . . . . . . . Allies | -11 -10 -10 -8 -8 -7 -7 -7 -------- Run | Yrd Mat Sub Mat Gar Fac Gar Fac Total Allies 6 | . . . . . . 6 . Largest Group 3 | . . . . . . 3 . Highest-Rated Group 87 | . . . . . . 87 . Highest-Rated Ally 32 | . . . . . . 32 . Total Orders 3 | . . . . . 2 1 . STAY 1 | . . . . . . 1 . EXPLORE 1 | . . . . . 1 . . RETURN 1 | . . . . . 1 . . Ally Attacks 23 | . . . . . . 23 . Total Damage 461 | . . . . . . 461 . Kills 5 | . . . . . . 5 . Allies Corrupted 1 | . . . . . . 1 . Allies Melted . | . . . . . . . . Intel | -11 -10 -10 -8 -8 -7 -7 -7 ------- Run | Yrd Mat Sub Mat Gar Fac Gar Fac Robot Analysis Total 5 | . 2 . 3 . . . . Derelict Logs Recovered 2 | . . 2 . . . . . Drone Launches 2 | . . . . . 2 . . Drone Recoveries 1 | . . . . . 1 . . Exploration | -11 -10 -10 -8 -8 -7 -7 -7 ------------- Run | Yrd Mat Sub Mat Gar Fac Gar Fac Turns Passed 6273 | 47 1179 1066 691 1206 1196 568 320 Spaces Moved 3992 | 40 734 661 350 414 951 556 286 Core 4 | 1 . . . . . . 3 Treads 1627 | . 372 306 347 414 188 . . Legs . | . . . . . . . . Wheels 759 | 39 362 355 3 . . . . Hover 1602 | . . . . . 763 556 283 Flight . | . . . . . . . . Fastest Speed 43 | 50 80 120 120 160 43 43 43 Average Speed 120 | 79 128 138 159 219 95 47 98 Slowest Speed 320 | 80 160 240 160 320 240 101 230 Overloaded Moves . | . . . . . . . . Propulsion Burnouts . | . . . . . . . . Robots Hopped . | . . . . . . . . Cave-ins Triggered . | . . . . . . . . Exploration Rate (%) 37 | 3 85 43 29 48 26 63 6 Regions Visited 7 Branch Regions 1 Pre-discovered Areas 3 | . 1 2 . . . . . Known Exits Taken 2 | . . . 1 . 1 . . Unknown Exits Taken 3 | 1 1 1 . . . . . Scrap Searched . | . . . . . . . . Spaces Dug 1 | . . . . . . 1 . Terrain Destroyed 32 | . . 1 6 24 . 1 . Melee 1 | . . . . . . 1 . Projectile 7 | . . 1 6 . . . . AOE 24 | . . . . 24 . . . Terrain Rammed . | . . . . . . . . Walls Destroyed . | . . . . . . . . Machines Disabled . | . . . . . . . . Actions | -11 -10 -10 -8 -8 -7 -7 -7 --------- Run | Yrd Mat Sub Mat Gar Fac Gar Fac Total 5010 | 53 901 772 448 584 1147 796 309 Wait 361 | . 82 48 45 17 69 100 . Move 3983 | 39 733 660 349 412 950 554 286 Hop . | . . . . . . . . Pick Up 94 | 8 19 10 12 19 16 10 . Fast Attach 46 | 4 5 2 1 6 18 1 9 Attach 42 | 2 5 1 6 12 12 2 2 Detach 5 | . . 1 1 1 2 . . Swap 37 | . 2 10 4 8 7 6 . Drop 76 | . 12 13 11 12 20 7 1 Fire 241 | . 43 27 19 80 43 24 5 Melee 44 | . . . . . 10 28 6 Ram . | . . . . . . . . Kick . | . . . . . . . . Crush . | . . . . . . . . Escape Stasis 52 | . . . . . . 52 . Rewire 29 | . . . . 17 . 12 . Trap . | . . . . . . . . Miscellaneous . | . . . . . . . . Route ------- -11/Scrapyard -10/Materials (discovered 5 exits: [*Mat x2] / [*Min x2] / *Sub) -10/Subcaves -8/Materials -8/Garrison -7/Factory -7/Garrison (discovered 2 exits: *Fac x2) -7/Factory History --------- Turn | Location | Event 16 | -11/Scrapyard | Discovered new exit (range 15) 48 | -11/Scrapyard | Entered Materials 153 | -10/Materials | Discovered new exit (range 16) 335 | -10/Materials | Build established: Mutant 529 | -10/Materials | Discovered new exit (range 16) 572 | -10/Materials | Discovered new exit (range 13) 980 | -10/Materials | Discovered new exit (range 7) 1221 | -10/Materials | Discovered new exit (range 5) 1227 | -10/Materials | Entered Subcaves 1240 | -10/Subcaves | Learned Materials garrison access intel 1399 | -10/Subcaves | Visited Clippyterm 1403 | -10/Subcaves | Learned location of Deep Caves (-7) 1403 | -10/Subcaves | Learned location of Extension (-5) 1617 | -10/Subcaves | Learned Materials stockpile data 1709 | -10/Subcaves | Shifting Twisted Machinery released Scrap Shield 1733 | -10/Subcaves | Shifting Twisted Machinery released Mak. Light Armor Plating 1749 | -10/Subcaves | Core integrity fell below 50% 1949 | -10/Subcaves | Shifting Twisted Machinery released Sub. Monowheel 1993 | -10/Subcaves | Shifting Twisted Machinery released Riot Gun 2269 | -10/Subcaves | Discovered new exit (range 5) 2293 | -10/Subcaves | Entered Materials 2293 | -8/Materials | Evolved 4 slots: Propulsion x2, Utility x2 2295 | -8/Materials | Loaded intel: 1 garrison access location 2904 | -8/Materials | Garrison activated, responded to threat 2982 | -8/Materials | Identified exit to Garrison 2984 | -8/Materials | Entered Garrison 3092 | -8/Garrison | Triggered checkpoint 3111 | -8/Garrison | Garrison Relay disabled 3263 | -8/Garrison | Lost 4 parts (3u1w) 3266 | -8/Garrison | Destroyed 10 combat bots 3268 | -8/Garrison | Triggered checkpoint 3446 | -8/Garrison | Lost 4 parts (1p2n1u) 3536 | -8/Garrison | System corruption reached 10% 3687 | -8/Garrison | Installed Relay Interface Framework 3870 | -8/Garrison | Triggered checkpoint 3925 | -8/Garrison | Expanded RIF knowledge: Robot Detection 4059 | -8/Garrison | Garrison Relay disabled 4159 | -8/Garrison | Discovered new exit (range 12) 4190 | -8/Garrison | Entered Factory 4190 | -7/Factory | Evolved 2 slots: Utility x2 4212 | -7/Factory | Build established: Scavenger-Mutant 4548 | -7/Factory | Lost 4 parts (4u) 4809 | -7/Factory | Lost 8 parts (3n3u2w) 5111 | -7/Factory | Build established: Bothacker-Mutant 5153 | -7/Factory | Core integrity fell below 50% 5362 | -7/Factory | Fabricated Imp. Gravmag System? 5386 | -7/Factory | Identified exit to Garrison 5386 | -7/Factory | Entered Garrison 5426 | -7/Garrison | Triggered checkpoint 5434 | -7/Garrison | Garrison Relay disabled 5514 | -7/Garrison | Triggered checkpoint 5630 | -7/Garrison | Discovered new exit (range 14) 5744 | -7/Garrison | Triggered checkpoint 5759 | -7/Garrison | Garrison Relay disabled 5832 | -7/Garrison | Triggered checkpoint 5874 | -7/Garrison | Triggered checkpoint 5880 | -7/Garrison | Expanded RIF knowledge: Patrol Navigation 5885 | -7/Garrison | Garrison Relay disabled 5910 | -7/Garrison | Discovered new exit (range 10) 5941 | -7/Garrison | System corruption reached 10% 5954 | -7/Garrison | Entered Factory 6254 | -7/Factory | Core integrity fell below 20% 6274 | -7/Factory | Destroyed by Y-54 Guardian with Flak Gun Last Messages --------------- report to Factory Zone 7H. 06220_ System corrupted: Component data lost. 06235_ System corrupted: Mic. Nuclear Core fused. 06241_ Jacked A-02 Transporter... >>drop_inventory Dumping inventory... 4x Cld. Pulse Rifle 2x Hvy. Particle Gun 06243_ Gravmag System destroyed. 06247_ Remote Datajack destroyed. 06250_ Lyr. Light Armor Plating destroyed. 06254_ System corrupted: Component data lost. 06255_ Dropped Lrg. Storage Unit. 06261_ Imp. Gravmag System destroyed. 06267_ Mic. Nuclear Core destroyed. 06271_ System corrupted: Ripper fused. 06272_ R-06 Scavenger collects Relay Coupler [Swarmer]. 06274_ Relay Coupler [Swarmer] destroyed. Map ----- +----------------------------------------------------+ | " " "#?????????????????????????????????????? | | " " #???????############??????????????????? | | " ]] " #???????# ?#########????????? | | ]! #???????# ???# #????????? | | ] #???????# """""""??# """ #????????? | | #################### """""""??# """ #????????? | | + """"""" # """ #????????? | | # """"""" # #??????##? | | """"""" """"""" + # """ #???? ! #? | | """"""" """"""" # # """ #] #? | | """"""" """"""" # [ # """ # #? | | """"""" """"""" # # + #? | | # ""Y"" # """ # / #? | | + """"" # """ #?? | | ######### ######## ############## """ #???? ## | | #########+#####??# #????????????# #??????##? | | #??# #????????????# """ #????????? | | #??# #????????????# """ #????????? | | #### ############## """ #????????? | | / r !![[[! + #????????? | | [ #### !!![[[ ####+####????????? | | #??# |"""*""" #### ############# | | #??# """ """ ^ # ! # | | #??# """Y""" # # | | #### p # [ # | | + @ ^ + [ # | | #####################+############## # # | | ???????????????????# #????????# # # | | ???????????????????# #????????# # ! # | | ???????????????????# " "" #????#####+############# | | ???????????????????# "R"" #????#! #???????? | | ???????????????????# """ #????# #???????? | | ???????????????????# #????# #???????? | | ???????????????????########????# [ ! % #???????? | | ???????????????????????????????###########???????? | | ?????????????????????????????????????????????????? | | ?????????????????????????????????????????????????? | | ?????????????????????????????????????????????????? | | ?????????????????????????????????????????????????? | | ?????????????????????????????????????????????????? | | ?????????????????????????????????????????????????? | | ?????????????????????????????????????????????????? | | ?????????????????????????????????????????????????? | | ?????????????????????????????????????????????????? | | ?????????????????????????????????????????????????? | | ?????????????????????????????????????????????????? | | ?????????????????????????????????????????????????? | | ?????????????????????????????????????????????????? | | ?????????????????????????????????????????????????? | | ?????????????????????????????????????????????????? | +----------------------------------------------------+ Best States ------------- Heat Dissipation 59 Coolant Potential 50 Energy Generation 15 Energy Capacity 265 Matter Stores 300 Matter Capacity 300 Sight Range 16 Terrain Scan Range 14 Terrain Scan Density 10 Armor Coverage 825 Resistance: TH 15 Core Shielding 20 Evasion (%) 56 Target Analysis 5 Recoil Reduction 8 Relay Coupler Types 5 Relay Coupler Value 114 Authchip Count 1 Item Schematics ----------------- None Robot Schematics ------------------ None Fabricated ------------ Imp. Gravmag System | x2 | -7/Factory | Preloaded Alien Tech Used ----------------- None Achievements -------------- None Challenges ------------ None Game ------ Seed ReinforcedCoreGuard Manual? 0 Play Time 01:57:38 Cumulative 51.7 hours Start 2024.04.25 @ 11:00:34 End 2024.04.25 @ 13:41:59 Sessions 1 Manual Loads 0 Difficulty Rogue Special Mode None Game No. 27 Rogue 27 Adventurer 0 Explorer 0 Win Type - Total 1 Types 1/0/0/0/0/0/0/0/0 Lore% 24 Gallery% 34 Achievement% 31 Wizard Run 0 Options --------- Layout 2 ASCII 0 Keyboard 0 Movement Numpad Keybinds 0 Fullscreen 2 Font 24/Smallcaps Map View 50x44 Zoom Use 0% Tactical HUD 1 Map Filters NONE Filters NONE Steam 1 RUN: 1e9fdd94-ff4c-4428-8da2-beaa185005b9